 Dungeon Crawl Stone Soup version 0.28.0-53-g5a82cb258f (webtiles) character file.

Game seed: 5828628640437203214

4197 Tirrikindir the Carver (level 10, -5/66 HPs)
             Began as an Octopode Fighter on June 19, 2022.
             Was a High Priest of Cheibriados.
             Slain by a steam dragon (11 damage)
             ... on level 8 of the Dungeon.
             The game lasted 00:21:53 (7764 turns).

Tirrikindir the Carver (Octopode Fighter)           Turns: 7764, Time: 00:21:54

Health: -5/66      AC:  1    Str: 29    XL:     10   Next: 29%
Magic:  14/14      EV: 18    Int: 22    God:    Cheibriados [*****.]
Gold:   361        SH: 14    Dex: 37    Spells: 9/9 levels left

rFire   . . .      SeeInvis .   k - +2 long sword (venom)
rCold   . . .      Faith    .   f - +0 kite shield
rNeg    . . .      Spirit   .   (helmet restricted)
rPois   +          Reflect  .   (no amulet)
rElec   .          Harm     .   a - +6 ring of dexterity
rCorr   .          Rampage  .   l - ring of poison resistance
Will    +....                   g - ring of willpower
Stlth   ++++++....              o - +6 ring of dexterity
HPRegen 0.21/turn               (no ring)
MPRegen 0.14/turn               (no ring)
                                (no ring)
                                (no ring)

@: very slow
A: almost no armour, amphibious, 8 rings, camouflage 1, gelatinous body 1,
(nimble swimmer 1), tentacles, dopey 1
a: Renounce Religion, Bend Time, Temporal Distortion, Slouch, Step From Time


You were on level 8 of the Dungeon.
You worshipped Cheibriados.
Cheibriados was extremely pleased with you.
You visited 2 branches of the dungeon, and saw 9 of its levels.

You collected 361 gold pieces.

Inventory:

Hand Weapons
 k - a +2 long sword of venom (weapon)
Missiles
 c - 11 throwing nets
 e - 4 poisoned darts (quivered)
Armour
 f - a +0 kite shield (worn)
Jewellery
 a - a +6 ring of dexterity (left tentacle)
 b - an amulet of faith
 g - a ring of willpower (on tentacle)
 l - a ring of poison resistance (right tentacle)
 o - a +6 ring of dexterity (on tentacle)
Scrolls
 i - a scroll of amnesia
 j - 2 scrolls of silence
 n - a scroll of teleportation
Potions
 d - a potion of cancellation
 h - a potion of degeneration {unknown}
 p - a potion of invisibility
 r - a potion of resistance
 s - a potion of magic
 t - a potion of brilliance {unknown}


   Skills:
 * Level 5.4 Fighting
 * Level 8.8 Long Blades
 + Level 3.3 Throwing
 * Level 5.5 Dodging
 + Level 7.1 Stealth
 * Level 5.5 Shields
 + Level 6.6 Invocations


You had 9 spell levels left.
You didn't know any spells.
Your spell library contained the following spells:

 Spells                   Type           Power      Damage    Failure   Level
 Shock                    Conj/Air       0%         1d3       43%         1
 Swiftness                Air            0%         N/A       80%         3
 Airstrike                Air            0%         N/A       99%         4
 Dispersal                Tloc           0%         N/A       100%        6
 Disjunction              Tloc           0%         N/A       100%        8


Dungeon Overview and Level Annotations

Branches:
Dungeon (8/15)             Temple (1/1) D:7
   Lair: D:8-11

Altars:
Cheibriados
Dithmenos
Fedhas
Gozag
Hepliaklqana
Kikubaaqudgha
Makhleb
Nemelex Xobeh
Qazlal
Ru
Sif Muna
Trog
Uskayaw
Vehumet
Wu Jian
Yredelemnul
Zin
The Shining One

Shops:
D:5 :


Innate Abilities, Weirdness & Mutations

You cannot wear most types of armour.
You are amphibious.
You can wear up to eight rings at the same time.
Your skin changes colour to match your surroundings (Stealth+).
Your rubbery body absorbs attacks. (AC +1, EV +1)
((You are camouflaged when in or above water. (Stealth+)))
You have tentacles for arms and can constrict up to eight enemies at once.
You are dopey. (Int -2)


Message History

The orc wizard completely misses you.
An orc comes into view. It is wielding a +0 club.
The orc wizard misses you.
The orc shouts! x2
You hit the orc wizard.
The orc wizard is poisoned.
Your grab misses the orc wizard.
The orc wizard is moderately wounded.
You hear an angry hiss.
You hit the orc.
You kill the orc!
Cheibriados appreciates the change of pace.
You slash the orc wizard!
You kill the orc wizard!
Cheibriados thoroughly appreciates the change of pace.
You hit the orc. You grab the orc. You tentacle-slap the orc.
You kill the orc!
Cheibriados appreciates the change of pace.
A steam dragon comes into view.
You closely miss the orc. You grab the orc. You constrict the orc.
You block the orc's attack. The orc closely misses you.
You completely miss the orc. You squeeze the orc.
You kill the orc!
Cheibriados thoroughly appreciates the change of pace.
You barely miss the orc. You grab the orc. You squeeze the orc!
You kill the orc!
Cheibriados appreciates the change of pace.
The steam dragon breathes steam at you. The ball of steam hits you!!
You are engulfed in a cloud of scalding steam.
The steam dragon breathes steam at you. The ball of steam hits you!
You hear an angry hiss.
Items here: ))))) [[[ ††††.
You are engulfed in a cloud of scalding steam.
* * * LOW HITPOINT WARNING * * *
You block the steam dragon's attack. The steam dragon closely misses you.
The steam dragon misses you. The steam dragon claws you.
* * * LOW HITPOINT WARNING * * *
The steam dragon bites you!
You die...

# ## ##.## .... #.#
#.#... (... #
..###....# #..#.#
#.#...# #..#.#
#@D§##.# .....
##§§...# #).#
#)##### #..##
####### #§# ..#.##
#.....# #§#
.###.###.....# #.#
## ##...>....####.#
.###.###..........#
#.#.## #.....######


You could see a steam dragon.

Vanquished Creatures
  A tengu warrior (D:8)
  A manticore (D:8)
  2 kobold demonologists (D:8)
  Grinder (D:5)
  2 water moccasins
  An orc warrior (D:6)
  2 sky beasts
  A black bear (D:5)
  An ogre (D:4)
  2 centaurs
  A bullfrog (D:7)
  3 gnoll sergeants (D:5)
  A scorpion (D:6)
  A water moccasin zombie (D:5)
  2 howler monkeys (D:7)
  A bullfrog zombie (D:5)
  2 centaur zombies (D:7)
  2 centaur skeletons
  7 hounds
  An orc priest (D:5)
  A bullfrog skeleton (D:6)
  5 gnoll shamans (D:5)
  Terence (D:2)
  3 iguanas
  4 orc wizards
  A hound skeleton (D:5)
  30 gnolls
  13 adders
  2 shadow imps (D:5)
  A dart slug (D:5)
  20 orcs
  3 endoplasms
  A giant cockroach (D:2)
  2 goblins
  8 hobgoblins
  6 jackals (D:5)
  3 quokkas
  4 ball pythons
  6 bats
  4 frilled lizards
  A kobold (D:4)
  A quokka skeleton (D:4)
  4 rats
159 creatures vanquished.

Notes
Turn   | Place    | Note
-------+----------+-------------------------------------------
     0 | D:1      | Tirrikindir the Octopode Fighter began the quest for the
                  | Orb.
     0 | D:1      | Reached XP level 1. HP: 16/16 MP: 1/1
   230 | D:1      | Reached XP level 2. HP: 8/21 MP: 2/2
   538 | D:1      | Found a faded altar of an unknown god.
   547 | D:1      | Prayed at the altar of an unknown god.
   547 | D:1      | Became a worshipper of Cheibriados the Contemplative
   547 | D:1      | Reached * piety under Cheibriados
  1048 | D:2      | Found a sacrificial altar of Ru.
  1059 | D:2      | Reached XP level 3. HP: 22/26 MP: 3/3
  1178 | D:2      | Noticed Terence
  1187 | D:2      | Killed Terence
  1188 | D:2      | Reached skill level 1 in Stealth
  1188 | D:2      | Reached XP level 4. HP: 19/31 MP: 4/4
  1500 | D:2      | Reached skill level 1 in Invocations
  1594 | D:2      | Reached ** piety under Cheibriados
  1753 | D:2      | Reached skill level 3 in Long Blades
  2216 | D:3      | Reached XP level 5. HP: 32/36 MP: 5/5
  2797 | D:4      | Identified the +5 leather armour of the Untouchables {rF+
                  | Regen+ Str+4}
  2831 | D:4      | Noticed an ogre
  2841 | D:4      | Killed an ogre
  2842 | D:4      | Reached XP level 6. HP: 21/43 MP: 7/7
  3542 | D:4      | Reached *** piety under Cheibriados
  3598 | D:5      | Entered Level 5 of the Dungeon
  3626 | D:5      | Noticed Grinder
  3631 | D:5      | Reached skill level 4 in Long Blades
  3635 | D:5      | Noticed a sky beast
  3646 | D:5      | HP: 1/43 [poisoned by an adder]
  3843 | D:5      | Reached XP level 7. HP: 41/48 MP: 8/8
  3848 | D:5      | Reached skill level 1 in Throwing
  3975 | D:5      | Killed Grinder
  3994 | D:5      | Reached skill level 5 in Long Blades
  4011 | D:5      | Reached XP level 8. HP: 36/54 MP: 10/10
  4228 | D:5      | Reached **** piety under Cheibriados
  4231 | D:5      | Reached skill level 5 in Stealth
  4239 | D:5      | Reached skill level 6 in Long Blades
  4975 | D:5      | Found Miodurph's Book Shoppe.
  5031 | D:5      | Reached skill level 7 in Long Blades
  5129 | D:5      | Reached skill level 5 in Invocations
  5132 | D:5      | Reached ***** piety under Cheibriados
  5141 | D:5      | Reached XP level 9. HP: 27/58 MP: 12/12
  5627 | D:5      | Gained mutation: You are weak. (Str -2) [potion of
                  | mutation]
  5627 | D:5      | Gained mutation: Your body sometimes deteriorates upon
                  | taking damage. [potion of mutation]
  5627 | D:5      | Lost mutation: You are weak. (Str -2) [potion of mutation]
  5669 | D:5      | Reached skill level 8 in Long Blades
  5908 | D:6      | Found a hide-covered altar of Uskayaw.
  6329 | D:6      | Lost mutation: Your body sometimes deteriorates upon taking
                  | damage. [potion of mutation]
  6329 | D:6      | Gained mutation: You are dopey. (Int -2) [potion of
                  | mutation]
  6664 | D:7      | Found a staircase to the Ecumenical Temple.
  6673 | Temple   | Entered the Ecumenical Temple
  6977 | D:7      | Found a sparkling altar of Nemelex Xobeh.
  7435 | D:8      | Noticed a kobold demonologist
  7435 | D:8      | Noticed a manticore
  7436 | D:8      | Noticed a six-headed hydra
  7442 | D:8      | Killed a kobold demonologist
  7445 | D:8      | Noticed a kobold demonologist
  7448 | D:8      | Killed a manticore
  7449 | D:8      | Reached skill level 5 in Fighting
  7449 | D:8      | Reached skill level 5 in Dodging
  7449 | D:8      | Reached skill level 5 in Shields
  7449 | D:8      | Reached XP level 10. HP: 20/66 MP: 14/14
  7451 | D:8      | Noticed an orange demon
  7452 | D:8      | Killed a kobold demonologist
  7452 | D:8      | Noticed a tengu warrior
  7456 | D:8      | Killed a tengu warrior
  7764 | D:8      | Slain by a steam dragon

Illustrated notes

Levels and vault maps discovered:
D:1:      mrwooster_arrival_statue, layout_loops_corners,
          shapermc_ecumenical_altar_notcrosses, minmay_tromino_i2
D:2:      layout_basic, basic_altar, minmay_misc_feat_tiny, uniq_terence
D:3:      layout_loops_cross, minmay_cupped
D:4:      layout_rooms, serial_co_window_serial, co_window_paths_a,
          co_window_paths_b, co_window_corner_a, co_window_corner_a,
          co_window_corner_a, co_window_2corner, co_window_2corner,
          co_window_unsneaky_path_d, co_window_4corner_b, co_window_paths_e,
          glass_columns_a
D:5:      layout_cave_pools, serial_gnoll_camp, gnoll_camp_medium_01,
          gnoll_camp_huts_moat, gnoll_camp_mini_basic, gnoll_camp_mini_hut,
          serial_shops, nicolae_shop_behind_doors, uniq_grinder
D:6:      layout_rooms, mainiacjoe_overflow_tiny_flanked,
          grunt_decor_one_mirror, chequers_serial_rivers_micro_c, minivault_24
D:7:      layout_basic, nemelex_altar_shiori, minmay_temple_entry_arrows
D:8:      minmay_blocky_corners, layout_loops_ring, lemuel_round_altar,
          david_lair_generic, uniq_erica, uniq_harold, uniq_psyche
Temple:   nicolae_temple_elliptical

Skill      XL: |  1  2  3  4  5  6  7  8  9 10 |
---------------+-------------------------------+-----
Stealth        | 1 2 3 4 6 7 |  7.1
Invocations    | 1 2 3 5 6 |  6.6
Long Blades    | 3 4 5 7 8 |  8.8
Shields        | 4 5 |  5.5
Dodging        | 4 5 |  5.5
Fighting       | 4 5 |  5.4
Throwing       | 2 3 |  3.3

Action                   |  1- 3 |  4- 6 |  7- 9 | 10-12 || total
-------------------------+-------+-------+-------+-------++-------
Melee: Long sword        |    26 |    82 |   169 |    15 ||   292
       Constrict         |     9 |    25 |    53 |     5 ||    92
       Tentacles         |     4 |    15 |    44 |     4 ||    67
       Punch             |       |     1 |     3 |     2 ||     6
Throw: Dart              |     2 |    10 |     3 |       ||    15
Invok: Slouch            |       |       |       |     1 ||     1
  Use: Scroll            |     4 |     7 |     5 |     3 ||    19
       Potion            |       |     3 |     3 |     2 ||     8
 Stab: Sleeping          |     5 |    14 |    12 |       ||    31
Armor: Skin              |     2 |     7 |     7 |       ||    16
Dodge: Dodged            |    17 |    64 |   129 |    14 ||   224
Block: Buckler           |     4 |    31 |    11 |       ||    46
       Kite shield       |       |       |   108 |    11 ||   119
